 Dungeon Crawl Stone Soup version 0.29-a0-632-g781b4ac09e (webtiles) character file.

Game seed: 11924224510267305735

374 BritishOli the Skirmisher (level 6, 0/50 HPs)
             Began as a Demonspawn Fighter on June 18, 2022.
             Was a Follower of Okawaru.
             Slain by a water moccasin (2 damage)
             ... on level 5 of the Dungeon.
             The game lasted 00:08:18 (3798 turns).

BritishOli the Skirmisher (Demonspawn Fighter)      Turns: 3798, Time: 00:08:19

Health: 0/50       AC:  8    Str: 16 (18) XL:     6   Next: 43%
Magic:  6/6        EV:  8    Int:  8 (9)  God:    Okawaru [*.....]
Gold:   177        SH:  4    Dex: 10 (13) Spells: 5/5 levels left

rFire   + . .      SeeInvis +   q - +1 short sword (venom)
rCold   . . .      Faith    .   c - +0 buckler
rNeg    . . .      Spirit   .   b - +0 scale mail
rPois   .          Reflect  .   (helmet restricted)
rElec   .          Harm     .   (no cloak)
rCorr   .          Rampage  .   m - +0 pair of gloves
Will    .....                   (no boots)
Stlth   ..........              u - amulet of the acrobat
HPRegen 0.16/turn               r - ring of see invisible
MPRegen 0.10/turn               j - ring of protection from fire

@: lethally poisoned (0 -> -10)
A: antennae 1, powered by death 2
a: Renounce Religion, Heroism


You were on level 5 of the Dungeon.
You worshipped Okawaru.
Okawaru was aware of your devotion.
You visited 1 branch of the dungeon, and saw 5 of its levels.

You collected 177 gold pieces.

Inventory:

Hand Weapons
 a - a +0 long sword
 q - a +1 short sword of venom (weapon)
Missiles
 k - 3 javelins (quivered)
Armour
 b - a +0 scale mail (worn)
 c - a +0 buckler (worn)
 m - a +0 pair of gloves (worn)
Jewellery
 j - a ring of protection from fire (right hand)
 r - a ring of see invisible (left hand)
 u - an amulet of the acrobat (around neck)
 w - a +6 ring of intelligence
Scrolls
 e - 5 scrolls of identify {unknown}
 h - a scroll of magic mapping {unknown}
 o - 2 scrolls of teleportation {unknown}
 s - a scroll of fog {unknown}
 v - a scroll of torment {unknown}
 x - 2 scrolls of fear {unknown}
Potions
 d - 2 potions of might
 g - a potion of resistance {unknown}
 i - a potion of mutation {unknown}
 l - a potion of invisibility {unknown}
 n - a potion of magic {unknown}
 p - a potion of brilliance {unknown}


   Skills:
 * Level 4.8 Fighting
 * Level 3.9 Long Blades
 + Level 3.6 Armour
 + Level 3.5 Shields


You had 5 spell levels left.
You didn't know any spells.
Your spell library contained the following spells:

 Spells                   Type           Power      Damage    Failure   Level
 Freeze                   Ice            0%         1d3       89%         1
 Conjure Flame            Conj/Fire      0%         6-21      99%         3
 Frozen Ramparts          Ice            0%         1d2       99%         3
 Ignite Poison            Fire/Tmut/Pois 0%         N/A       99%         3
 Stone Arrow              Conj/Erth      0%         3d7       99%         3
 Hailstorm                Conj/Ice       0%         3d3       100%        4
 Ice Form                 Ice/Tmut       0%         N/A       100%        4
 Sticky Flame             Conj/Fire      0%         2d3       100%        4
 Lehudib's Crystal Spear  Conj/Erth      0%         10d2      100%        8
 Animate Armour           Summ/Erth      Unusable   N/A       N/A         4
 Summon Ice Beast         Ice/Summ       Unusable   N/A       N/A         4

Dungeon Overview and Level Annotations

Branches:
Dungeon (5/15)
 Temple: D:4-7

Altars:
Elyvilon
Okawaru
Wu Jian

Annotations:
D:3 Sigmund


Innate Abilities, Weirdness & Mutations

You have a pair of small antennae on your head.
You regenerate health from kills.


Message History

The water moccasin bites you.
You are lethally poisoned!
The water moccasin poisons you!
You hit the water moccasin.
The water moccasin looks even sicker.
The water moccasin is severely wounded.
* * * LOW HITPOINT WARNING * * *
You feel very sick. The water moccasin bites you.
* * * LOW HITPOINT WARNING * * *
You are more poisoned.
The water moccasin poisons you!
It was a potion of curing.
You feel better. The water moccasin barely misses you.
The water moccasin bites you but does no damage.
You closely miss the water moccasin.
The water moccasin is severely wounded.
The water moccasin bites you!
* * * LOW HITPOINT WARNING * * *
You are poisoned.
The water moccasin poisons you!
* * * LOW HITPOINT WARNING * * *
You feel sick.
The water moccasin completely misses you.
Okay, then.
The water moccasin attacks as you move away!
The water moccasin bites you.
* * * LOW HITPOINT WARNING * * *
x2 You feel sick.
You feel better. The water moccasin bites you.
* * * LOW HITPOINT WARNING * * *
You are lethally poisoned!
The water moccasin poisons you!
The water moccasin bites you but does no damage.
It was a potion of degeneration.
There was something very wrong with that liquid.
You feel weakened.
You feel dopey.
You feel clumsy.
* * * LOW HITPOINT WARNING * * *
You feel very sick. The water moccasin bites you.
You die...

.##.##....# #.#
....##....# #.#
.#........###.#######
.+...................
##.....######.###########
.........................
######............######
.....).............#
######..........@..#
#...........S.#
#############.# ######
#.# ...... #.# ....## #.#
...# #.# .Y# #.#


.oh ..# You could see a water moccasin (very poisoned).

Vanquished Creatures
  An ice beast (D:5)
  A phantom (D:5)
  A hound (D:4)
  A gnoll shaman (D:4)
  3 adders
  3 gnolls (D:4)
  6 worms
  5 orcs (D:5)
  4 ball pythons
  8 endoplasms
  4 giant cockroaches
  9 goblins
  7 hobgoblins
  3 jackals (D:3)
  3 quokkas
  4 bats
  3 frilled lizards
  6 kobolds
  3 rats
75 creatures vanquished.

Vanquished Creatures (others)
  7 plants (D:4)
7 creatures vanquished.

Grand Total: 82 creatures vanquished

Notes
Turn   | Place    | Note
-------+----------+-------------------------------------------
     0 | D:1      | BritishOli the Demonspawn Fighter began the quest for the
                  | Orb.
     0 | D:1      | Reached XP level 1. HP: 18/18 MP: 1/1
   276 | D:1      | Gained mutation: You regenerate a little health from kills.
                  | [demonic ancestry]
   276 | D:1      | Reached XP level 2. HP: 18/24 MP: 2/2
  1329 | D:2      | Gained mutation: You regenerate health from kills. [demonic
                  | ancestry]
  1329 | D:2      | Reached XP level 3. HP: 29/29 MP: 3/3
  1457 | D:2      | Found an ornate altar of the Wu Jian Council.
  1625 | D:2      | Found a faded altar of an unknown god.
  1772 | D:2      | Reached XP level 4. HP: 27/37 MP: 4/4
  2444 | D:3      | Noticed Sigmund
  2506 | D:4      | Found an iron altar of Okawaru.
  2513 | D:4      | Became a worshipper of Warmaster Okawaru
  2567 | D:4      | Reached skill level 4 in Fighting
  2567 | D:4      | Reached XP level 5. HP: 38/42 MP: 5/5
  2841 | D:4      | Noticed a black bear
  2957 | D:5      | Entered Level 5 of the Dungeon
  2971 | D:5      | Noticed a phantom
  3008 | D:5      | Killed a phantom
  3009 | D:5      | Gained mutation: You have a pair of small antennae on your
                  | head. [demonic ancestry]
  3009 | D:5      | Reached XP level 6. HP: 47/49 MP: 6/6
  3299 | D:5      | Noticed an ice beast
  3342 | D:5      | Killed an ice beast
  3342 | D:5      | Reached * piety under Okawaru
  3777 | D:5      | Noticed a water moccasin
  3798 | D:5      | HP: 2/50 [poisoned by a water moccasin]
  3798 | D:5      | Slain by a water moccasin

Illustrated notes

Levels and vault maps discovered:
D:1:      amcnicky_arrival_blooded_trapdoor, layout_basic, st_stairs_1
D:2:      layout_basic, basic_altar, hellmonk_ecumenical_altar_crossroads
D:3:      layout_basic, kennysheep_decorative_pillar, uniq_sigmund
D:4:      layout_basic, nicolae_overflow_squiral, minivault_4,
          nicolae_grassy_gnolls
D:5:      minmay_recursive_quarters, layout_basic

Skill      XL: |  1  2  3  4 |
---------------+-------------+-----
Long Blades    | 2 3 |  3.9
Armour         | 3 |  3.6
Shields        | 3 |  3.5
Fighting       | 4 |  4.8

Action                   |  1- 3 |  4- 6 || total
-------------------------+-------+-------++-------
Melee: Long sword        |    86 |       ||    86
       Short sword       |    28 |   164 ||   192
Throw: Javelin           |       |     4 ||     4
  Use: Potion            |       |     3 ||     3
Armor: Scale mail        |    55 |    64 ||   119
Dodge: Dodged            |    36 |    90 ||   126
Block: Buckler           |    13 |    22 ||    35

Table legend: (Time is in decaauts)
 A = Elapsed time spent in this place.
 B = Non-inter-level travel time spent in this place.
 C = Inter-level travel time spent in this place.
 D = Time resting spent in this place.
 E = Time spent auto-exploring this place.
 F = Levels seen in this place.
 G = Mean time per level.
                   A        B        C        D        E       F      G
               +--------+--------+--------+--------+--------+-----+--------+
         Total |   3837 |   3756 |     81 |      0 |   2916 |   5 |  767.4 |
       Dungeon |   3837 |   3756 |     81 |      0 |   2916 |   5 |  767.4 |
               +--------+--------+--------+--------+--------+-----+--------+

Top non-repeatable levels by time:
     D:1: 1296 daAuts
     D:5: 846 daAuts
     D:2: 736 daAuts
     D:3: 556 daAuts
     D:4: 401 daAuts
